[Event "*** Titled Tuesday Blitz"]
[Site "Chess.com"]
[Date "2021.03.09"]
[Round "6"]
[White "freshfoodcompany"]
[Black "13MiRacLe"]
[Result "0-1"]
[WhiteElo "2444"]
[BlackElo "2681"]
[TimeControl "180+1"]
[EndTime "11:11:17 PST"]
[Termination "13MiRacLe won by resignation"]

1. d4 Nf6 2. c4 g6 3. Nc3 d5 4. Nf3 Bg7 5. Qb3 dxc4 6. Qxc4 O-O 7. e4 e5 8. dxe5 Ng4 9. Bf4 Be6 10. Qb5 Nc6 11. h3 a6 12. Qc5 Ngxe5 13. Nxe5 Nxe5 14. Bxe5 b6 15. Qxc7 Qxc7 16. Bxc7 Rfc8 17. Bxb6 Rxc3 18. bxc3 Bxc3+ 19. Kd1 Bxa1 20. Bd3 Bxa2 21. Ke2 Bg7 22. Rc1 a5 23. Rc7 a4 24. Bc5 a3 25. Rb7 Be6 26. Bb1 a2 27. Bxa2 Rxa2+ 28. Kf3 h5 29. Rb8+ Kh7 30. Bf8 Bd4 31. Bd6 Rxf2+ 32. Kg3 Rd2 33. Kh2 Bg1+ 34. Kxg1 Rxd6 35. Rb4 Rc6 36.
Kf2 Rc4 37. Rxc4 Bxc4 38. Ke3 Kg7 39. Kf4 Bf1 40. Kg5 Bxg2 41. h4 Bxe4 42. Kf4 Bd5 43. Ke5 Be6 44. Kf4 Kf6 45. Kg3 Kf5 46. Kf3 Bd5+ 47.
Kg3 Ke4 48. Kf2 Kf4 49. Kg1 Kg3 50. Kf1 Bf3 51. Kg1 f6 52. Kf1 g5 53. Kg1 gxh4 54. Kf1 h3 0-1

[Event "*** Titled Tuesday Blitz"]
[Site "Chess.com"]
[Date "2021.03.09"]
[Round "6"]
[White "Alexsur1981"]
[Black "Blazinq"]
[Result "1/2-1/2"]
[WhiteElo "2832"]
[BlackElo "2633"]
[TimeControl "180+1"]
[EndTime "11:11:18 PST"]
[Termination "Game drawn by stalemate"]

1. e4 c5 2. Nc3 d6 3. f4 g6 4. d4 cxd4 5. Qxd4 Nf6 6. Nf3 Bg7 7. Bd3 O-O 8. Qf2 Ng4 9. Qe2 a6 10. h3 Nf6 11. Qf2 b5 12. a3 Bb7 13. O-O d5 14. e5 Ne4 15. Bxe4 dxe4 16. Ng5 Nc6 17. Ngxe4 b4 18. axb4 Nxb4 19. Be3 Qc7 20. Nc5 Bc6 21. Rfd1 g5 22. Rd4 a5 23. Rad1 Kh8 24. Nd3 Nxd3 25. cxd3 gxf4 26. Bxf4 Bxe5 27. Re1 Bxf4 28. Rxf4 Rg8 29.
g4 f6 30. Qe3 Rab8 31. Rf2 Rb4 32. d4 Qd6 33. d5 Bxd5 34. Nxd5 Qxd5 35. Qxe7 Qd4 36. Qxf6+ Qxf6 37. Rxf6 Rxb2 38. Rf7 Rc8 39. Ra7 Ra2 40. g5 a4 41. h4 a3 42. h5 Rg8 43.
Re5 Rc8 44. Re1 Rg8 45. Ra5 Rb2 46. Ra1 a2 47. R1xa2 Rxa2 48. Rxa2 Rxg5+ 49. Rg2 Rxh5 50. Rh2 Rxh2 51. Kxh2 Kg7 52. Kh1 Kg6 53. Kg1 Kg5 54. Kh1 Kg4 55. Kg1 h6 56. Kh1 h5 57. Kg1 h4 58. Kh1 h3 59. Kg1 Kh4 60. Kh1 Kg3 61.
Kg1 h2+ 62. Kh1 Kh3 1/2-1/2

[Event "*** Titled Tuesday Blitz"]
[Site "Chess.com"]
[Date "2021.03.09"]
[Round "6"]
[White "German_Bazeev"]
[Black "wonderfultime"]
[Result "1-0"]
[WhiteElo "2764"]
[BlackElo "2960"]
[TimeControl "180+1"]
[EndTime "11:11:19 PST"]
[Termination "German_Bazeev won on time"]

1. d4 d5 2. Nf3 Nf6 3. c4 c6 4. Qc2 dxc4 5. e4 Bg4 6. Bxc4 e6 7. Be3 Be7 8. Ne5 Bh5 9. Nc3 Nbd7 10. f3 Bg6 11. O-O-O Qa5 12. g4 Nxe5 13. dxe5 Nd5 14. Bd2 Nb4 15. Qb3 b5 16. Be2 Qb6 17. Nxb5 Nxa2+ 18. Kb1 O-O 19. Be3 Qa5 20. Qxa2 Qxa2+ 21. Kxa2 cxb5 22. Rd7 Bd8 23. Bxb5 f6 24. exf6 Bxf6 25. Bc4 Rab8 26. b3 Kh8 27. Bxe6 a5 28. Bf5 a4 29.
bxa4 Rb2+ 30. Ka3 Rfb8 31. Be6 Rc2 32. Bd2 Be8 33. Rc1 Rxc1 34. Bxc1 Bxd7 35. Bxd7 Rd8 36. Bb5 Rd1 37. Bb2 Be7+ 38. Kb3 Rd8 39. a5 Rb8 40.
Ka4 Rg8 41. a6 Bc5 42. Ba3 Bb6 43. e5 Rd8 44. e6 Rd4+ 45. Kb3 1-0

[Event "*** Titled Tuesday Blitz"]
[Site "Chess.com"]
[Date "2021.03.09"]
[Round "6"]
[White "Ajedrez_con_German"]
[Black "Speed-O-Sonic"]
[Result "1/2-1/2"]
[WhiteElo "2542"]
[BlackElo "2340"]
[TimeControl "180+1"]
[EndTime "11:11:19 PST"]
[Termination "Game drawn - insufficient material"]

1. b3 e5 2. Bb2 Nc6 3. e3 d6 4. Bb5 Ne7 5. Nf3 g6 6. d4 exd4 7.
Nxd4 Rg8 8. O-O Bd7 9. c4 a6 10.
Bxc6 Bxc6 11. Nxc6 Nxc6 12. Nc3 Qd7 13. Nd5 Be7 14. Qf3 f5 15. Rad1 O-O-O 16. c5 dxc5 17. Nb6+ cxb6 18. Rxd7 Rxd7 19. Rd1 Rgd8 20. Rxd7 Rxd7 21.
Qe2 Nb4 22. a3 Nd3 23. Bc3 b5 24. g3 c4 25. bxc4 bxc4 26. e4 b5 27. exf5 gxf5 28. Qe6 Nc5 29. Qc6+ Rc7 30. Qe8+ Kb7 31. Be5 Rd7 32.
Qb8+ Kc6 33. Qc8+ Kd5 34. f4 Ke4 35. Kg2 Rd2+ 36. Kh3 Na4 37. Qc6+ Ke3 38. Qe6 Bxa3 39. Bc3+ Kd3 40. Bxd2 Kxd2 41. Qxa6 c3 42. Qxb5 c2 43. Qxa4 c1=Q 44. Qd7+ Ke3 45. Qxf5 Kf2 46. Qe4 Qc8+ 47. f5 Qc1 48. Qd4+ Qe3 49. Qxe3+ Kxe3 50. Kg4 Be7 51. Kh5 Ke4 52. g4 Kf4 53. h4 h6 54. Kxh6 Kxg4 55. Kg6 Bxh4 56. f6 Bxf6 1/2-1/2

[Event "*** Titled Tuesday Blitz"]
[Site "Chess.com"]
[Date "2021.03.09"]
[Round "6"]
[White "Manukyan_Artak"]
[Black "Michaelson_11"]
[Result "1-0"]
[WhiteElo "2393"]
[BlackElo "2269"]
[TimeControl "180+1"]
[EndTime "11:11:19 PST"]
[Termination "Manukyan_Artak won by resignation"]

1. e4 c5 2. Nf3 Nc6 3. c3 Nf6 4. e5 Nd5 5. d4 cxd4 6. cxd4 e6 7. Nc3 d6 8. Bd3 Nxc3 9. bxc3 dxe5 10. dxe5 Qa5 11. O-O Nxe5 12. Nxe5 Qxe5 13. Re1 Qc7 14.
Bb5+ Bd7 15. Bf4 Qc8 16. Bxd7+ Qxd7 17. Qg4 Bc5 18. Rad1 Qc6 19. Qxg7 Rf8 20. Qxh7 Rd8 21. Bh6 Qb6 22. Rxd8+ Qxd8 23. Bxf8 Qd2 24. Rf1 Kxf8 25. h4 Bd6 26. Qh8+ Ke7 27. Qg7 Bf4 28. g3 Bh6 29. Qd4 Qxa2 30. Qb4+ Kf6 31. Qxb7 a5 32.
Qf3+ Kg7 33. g4 Kg8 34. g5 Bg7 35. h5 Qd2 36. Qe3 Qxc3 37. Qxc3 Bxc3 38. Rb1 a4 39.
Rb8+ Kg7 40. Ra8 f6 41. Ra7+ Kg8 42. g6 Bd2 43. Rxa4 Kg7 44. Ra7+ Kh6 45. Rh7+ Kg5 46.
g7 1-0

[Event "*** Titled Tuesday Blitz"]
[Site "Chess.com"]
[Date "2021.03.09"]
[Round "6"]
[White "rpragchess"]
[Black "amintabatabaei"]
[Result "1-0"]
[WhiteElo "2930"]
[BlackElo "3010"]
[TimeControl "180+1"]
[EndTime "11:11:20 PST"]
[Termination "rpragchess won by resignation"]

1. Nf3 d5 2. g3 g6 3. c4 dxc4 4. Na3 Bg7 5. Nxc4 Nc6 6. d3 e5 7.
Bd2 Nge7 8. Bg2 a5 9. O-O O-O 10.
Rc1 f6 11. h4 Be6 12. h5 Qd7 13. h6 Bh8 14. Be3 b6 15. Nfd2 Rac8 16. Ne4 Nd4 17.
f4 exf4 18. Bxf4 Bg4 19. Nc3 g5 20. Be3 Ndf5 21. Ne4 Nxh6 22. Qd2 Be6 23. Kh1 Bg7 24. Bxb6 cxb6 25. Nxb6 Qe8 26. Nxc8 Qh5+ 27. Kg1 Bxc8 28. Rc7 Ng4 29. Rf3 Ng6 30. d4 h6 31. Nd6 Ba6 32. Nf5 Rf7 33. Rfc3 Rxc7 34. Rxc7 Bf8 35. Kf1 Nh2+ 36.
Kg1 Qg4 37. Qc2 Qxe2 38. Qxe2 Bxe2 39. Kxh2 h5 40. Bd5+ Kh8 41. Bf7 h4 42. Bxg6 hxg3+ 43. Kxg3 Bd3 44. Rc8 Bxf5 45. Bxf5 1-0

[Event "*** Titled Tuesday Blitz"]
[Site "Chess.com"]
[Date "2021.03.09"]
[Round "6"]
[White "VladaSviridova"]
[Black "c_r_e_e_p_e_r"]
[Result "1-0"]
[WhiteElo "2223"]
[BlackElo "2375"]
[TimeControl "180+1"]
[EndTime "11:11:20 PST"]
[Termination "VladaSviridova won by checkmate"]

1. d4 d5 2. c4 dxc4 3. Nf3 Nf6 4. e3 Bg4 5. Bxc4 e6 6. Nc3 a6 7. h3 Bh5 8. g4 Bg6 9. Ne5 Nbd7 10. Nxg6 hxg6 11.
Kf1 b5 12. Be2 c5 13. Bf3 Rb8 14. Kg2 cxd4 15. Qxd4 Bc5 16. Qd1 Qe7 17. a3 g5 18. b4 Bd6 19. Bb2 Ne5 20. Ne4 Nxe4 21. Bxe4 O-O 22. Qe2 Nc4 23. Rhd1 Be5 24. Bxe5 Nxe5 25.
Rd4 f5 26. gxf5 exf5 27. Bd5+ Nf7 28. Rad1 Qf6 29. Qh5 Qh6 30. Bxf7+ Rxf7 31. Rd8+ Rf8 32. Rxf8+ Rxf8 33. Qxh6 gxh6 34. Rd6 Ra8 35. Rxh6 Kg7 36.
Rb6 Kf7 37. Kg3 Kg7 38. h4 gxh4+ 39. Kxh4 f4 40. e4 Re8 41. f3 Ra8 42. Kg4 a5 43. Kxf4 axb4 44. axb4 Rf8+ 45. Ke3 Rc8 46. Rxb5 Rc1 47.
f4 Rb1 48. Kd4 Rd1+ 49. Ke5 Re1 50. f5 Rf1 51. Rb7+ Kh6 52. Kf6 Kh5 53. Rh7+ Kg4 54. b5 Rb1 55. Rb7 Kf4 56. e5 Re1 57. e6 Re5 58. e7 Rxf5+ 59. Ke6 Re5+ 60. Kd6 Re1 61. Rb8 Rd1+ 62. Kc6 Rc1+ 63. Kb6 Rh1 64. e8=Q Rh6+ 65. Ka5 Kg4 66. Qe4+ Kg5 67. Rg8+ Kf6 68. Qf4+ Ke7 69.
Qxh6 Kd7 70. Rg7+ Kc8 71. Qh8# 1-0

[Event "*** Titled Tuesday Blitz"]
[Site "Chess.com"]
[Date "2021.03.09"]
[Round "6"]
[White "LubovMarkelova"]
[Black "zverr1"]
[Result "0-1"]
[WhiteElo "2224"]
[BlackElo "2437"]
[TimeControl "180+1"]
[EndTime "11:11:22 PST"]
[Termination "zverr1 won on time"]

1. Nf3 Nf6 2. c4 e6 3. Nc3 d5 4. e3 Be7 5. b3 O-O 6. Bb2 c5 7.
d4 cxd4 8. exd4 Nc6 9. Bd3 b6 10. O-O Bb7 11. Qe2 dxc4 12. bxc4 Rc8 13. Rfd1 Na5 14.
Ne5 Qc7 15. Rac1 Qb8 16. Ne4 Nxe4 17. Bxe4 Bxe4 18. Qxe4 Qb7 19. d5 Bf6 20. Bc3 exd5 21. cxd5 Rfe8 22. f4 Nc4 23. Bd4 Nd6 24. Qf3 Qa6 25.
g4 Qa4 26. Ba1 Rxc1 27. Rxc1 g6 28. g5 Bg7 29. Ng4 Bxa1 30. Rxa1 Qd4+ 31. Kg2 Qb2+ 32. Kh3 Qxa1 33. Nf6+ Kg7 34. Nxe8+ Nxe8 35. Qe4 Qc3+ 36. Kg2 Nd6 37. Qe7 Nf5 38. Qe5+ Qxe5 39. fxe5 Ne3+ 40. Kf3 Nxd5 41. Ke4 Nc7 42. Kd4 Kf8 43. h4 Ke7 44. Kc4 Ke6 45. Kd4 Na6 46. a4 Nb8 47. Ke4 Nd7 0-1

[Event "*** Titled Tuesday Blitz"]
[Site "Chess.com"]
[Date "2021.03.09"]
[Round "6"]
[White "ram1zan"]
[Black "Nf3c5"]
[Result "0-1"]
[WhiteElo "2816"]
[BlackElo "2633"]
[TimeControl "180+1"]
[EndTime "11:11:23 PST"]
[Termination "Nf3c5 won by resignation"]

1. Nf3 c5 2. e4 d6 3. d4 cxd4 4.
Nxd4 Nf6 5. Nc3 a6 6. a4 e5 7. Nf3 h6 8. Nd2 Be6 9. Nc4 Qc7 10. Ne3 Nbd7 11. g3 Be7 12. Bg2 Rc8 13. O-O O-O 14.
a5 Rfe8 15. Ra3 Bf8 16. b4 b6 17. Ncd5 Bxd5 18. exd5 b5 19. Bb2 g6 20. Rc3 Qb8 21. Rc6 Bg7 22. Qe2 e4 23. c4 Ne5 24. Rxc8 Qxc8 25.
cxb5 Nd3 26. bxa6 Qxa6 27. Bxf6 Bxf6 28. Ng4 Bg7 29. Bxe4 Nxb4 30. Qxa6 Nxa6 31. Bd3 Nc5 32. Bb5 Ra8 33. Ne3 Rxa5 34. Bc6 Ra3 35. Nc4 Rd3 36. Nxd6 Nb3 37. Nb5 Rd2 38. d6 Bf8 39.
d7 Nc5 40. Ra1 Nxd7 41. Ra7 Ne5 42. Be4 Bc5 43. Ra8+ Kg7 44. Nc3 Rxf2 45. Kh1 Ng4 46. Ra2 Rxa2 47. Nxa2 Nf2+ 48. Kg2 Nxe4 0-1

[Event "*** Titled Tuesday Blitz"]
[Site "Chess.com"]
[Date "2021.03.09"]
[Round "6"]
[White "alexrustemov"]
[Black "andriipalchuk"]
[Result "0-1"]
[WhiteElo "2754"]
[BlackElo "2587"]
[TimeControl "180+1"]
[EndTime "11:11:23 PST"]
[Termination "andriipalchuk won on time"]

1. d4 Nf6 2. Nf3 d5 3. c4 c6 4. e3 e6 5. Nc3 Nbd7 6. Qc2 Bd6 7. Bd2 dxc4 8. Bxc4 b5 9. Bd3 Bb7 10. a3 Rc8 11. b4 e5 12. O-O O-O 13. Ne4 Nxe4 14. Bxe4 f5 15. Bxf5 exd4 16. Bxh7+ Kh8 17. Bf5 c5 18. Be4 cxb4 19. Qb1 Bxe4 20. Qxe4 Nc5 21. Qg6 Rf6 22. Qh5+ Rh6 23. Qg4 Nb3 24. axb4 Nxd2 25.
Rfd1 Nxf3+ 26. Qxf3 d3 27. g3 Qf6 28. Qxf6 Rxf6 29.
Rxd3 Bxb4 30. Rxa7 Rc1+ 31. Kg2 Rc2 32. Rdd7 Rcxf2+ 33. Kh3 Bc3 34. Rab7 b4 35. e4 Rh6+ 36. Kg4 Rfxh2 37.
Rd8+ Kh7 38. Rbb8 R2h5 39. Rh8+ Kg6 40. Rhg8 Rg5+ 41. Kf3 Rxg3+ 42. Kxg3 Be5+ 43. Kg4 Bxb8 44. Rxb8 Kh7 45. Rxb4 Rf6 46. e5 Rf8 0-1

[Event "*** Titled Tuesday Blitz"]
[Site "Chess.com"]
[Date "2021.03.09"]
[Round "6"]
[White "Vugar_Manafov"]
[Black "Natalya_Buksa"]
[Result "1-0"]
[WhiteElo "2678"]
[BlackElo "2536"]
[TimeControl "180+1"]
[EndTime "11:11:24 PST"]
[Termination "Vugar_Manafov won on time"]

1. Nf3 d5 2. g3 g6 3. Bg2 Bg7 4. O-O e5 5. d3 Ne7 6. e4 Nbc6 7. Nc3 dxe4 8. dxe4 O-O 9. Qxd8 Rxd8 10. Be3 a6 11.
Rad1 Bg4 12. h3 Bxf3 13. Bxf3 Nd4 14. Bxd4 exd4 15. Ne2 c5 16. Bg2 Nc6 17. a3 d3 18.
Rxd3 Rxd3 19. cxd3 Bxb2 20. Rb1 Bxa3 21. Rxb7 Rd8 22. Nf4 Nb4 23. Ra7 Nxd3 24. Nxd3 Rxd3 25. Rxa6 Bb2 26. Bf1 Rd1 27. Kg2 Bd4 28. Ra2 Rc1 29.
h4 h5 30. Bb5 Kg7 31. Be8 Kf8 32. Bb5 Bf6 33. Ra7 c4 34. Bc6 c3 35. Bd5 c2 36.
Rxf7+ Ke8 37. Rc7 Be5 38. Rc4 Kd7 39. Bc6+ Kd6 40. Ba4 Rd1 41. Bxc2 Rd2 42. Kf1 Bd4 43. Ke1 1-0

[Event "*** Titled Tuesday Blitz"]
[Site "Chess.com"]
[Date "2021.03.09"]
[Round "6"]
[White "MaxLeto"]
[Black "lindsay790"]
[Result "1-0"]
[WhiteElo "2381"]
[BlackElo "2198"]
[TimeControl "180+1"]
[EndTime "11:11:24 PST"]
[Termination "MaxLeto won by checkmate"]

1. g4 d5 2. Bg2 Bxg4 3. c4 c6 4. cxd5 cxd5 5. Qb3 Nf6 6. Nc3 Nbd7 7. Nxd5 Nxd5 8.
Bxd5 e6 9. Bg2 Bc5 10. Qg3 Bf5 11.
Qxg7 Rf8 12. Nf3 Bg6 13. O-O Qb6 14. d4 Be7 15. Bg5 Bxg5 16. Nxg5 O-O-O 17. Rfd1 Rg8 18. Qh6 Bf5 19. Nxf7 Rdf8 20. Rac1+ Kb8 21. Qf4+ Ka8 22. Ng5 h6 23. Nf3 Rxg2+ 24. Kxg2 Bh3+ 25. Kxh3 Rxf4 26. Rc8+ Nb8 27. Rg1 Qd6 28. Rgg8 Rf7 29. Ne5 a6 30. Rxb8+ Qxb8 31. Rxb8+ Kxb8 32. Nxf7 Kc7 33. Nxh6 Kd7 34. e3 Kd6 35. Ng4 b5 36. Kg3 Kd5 37. h4 Kc4 38. h5 Kd3 39. h6 Kc2 40. h7 Kxb2 41. h8=Q Kxa2 42. Qa8 Kb3 43. Qxa6 b4 44. Ne5 Kc3 45. Qxe6 b3 46. Qxb3+ Kxb3 47. f4 Kb4 48. Kf3 Kb5 49. f5 Kb6 50. f6 Kc7 51. f7 Kd6 52. f8=Q+ Kc7 53. Qc5+ Kb7 54. d5 Kb8 55. Qe7 Ka8 56. Ke4 Kb8 57. Kd4 Kc8 58. Kc5 Kb8 59. Kc6 Ka8 60.
Qb7# 1-0

[Event "*** Titled Tuesday Blitz"]
[Site "Chess.com"]
[Date "2021.03.09"]
[Round "6"]
[White "muchojogo"]
[Black "IMAghasiyevKamal"]
[Result "1-0"]
[WhiteElo "2378"]
[BlackElo "2487"]
[TimeControl "180+1"]
[EndTime "11:11:25 PST"]
[Termination "muchojogo won by resignation"]

1. d4 d5 2. Bf4 Nf6 3. e3 c5 4. Nd2 Nc6 5. Ngf3 Bg4 6. Be2 e6 7. O-O Bd6 8. Bxd6 Qxd6 9. dxc5 Qxc5 10. c4 O-O 11. cxd5 Qxd5 12. h3 Bh5 13. Qa4 Rfd8 14. Rfd1 Qa5 15. Qb3 Qb4 16. a3 Qe7 17. Rac1 Rac8 18.
Nc4 Ne4 19. Qb5 f5 20. Na5 Nxa5 21. Qxa5 b6 22. Qe5 Qf6 23. Rxd8+ Rxd8 24. Qxf6 gxf6 25. Rc7 a5 26. Bc4 Rd1+ 27. Kh2 Bf7 28. Nd4 Rc1 29. Rc8+ Kg7 30. Nxe6+ Kh6 31. Rf8 Nd6 32. Bd5 Rd1 33. Nf4 Kg7 34. Rd8 Bxd5 35. Rxd6 Bb3 36. Rxb6 a4 37.
Nh5+ Kg6 38. Nxf6 Kg7 39. Nh5+ Kg8 40. Rb8+ Kf7 41. Rb7+ Kg6 42. Nf4+ Kh6 43. Rb6+ Kg7 44. Rb5 Kf6 45. Kg3 Rd2 46. Rb6+ Kf7 47. Rb7+ Kg8 48.
Kh4 Rxf2 49. Kg5 Rxb2 50. Kf6 Kh8 51. Rb8+ Bg8 52. Rxb2 1-0

[Event "*** Titled Tuesday Blitz"]
[Site "Chess.com"]
[Date "2021.03.09"]
[Round "6"]
[White "Pilopa"]
[Black "DinaBelenkaya"]
[Result "1-0"]
[WhiteElo "2555"]
[BlackElo "2359"]
[TimeControl "180+1"]
[EndTime "11:11:26 PST"]
[Termination "Pilopa won on time"]

1. d4 d5 2. c4 dxc4 3. Nf3 Nf6 4.
e3 Bg4 5. Bxc4 e6 6. h3 Bh5 7. Be2 Nbd7 8. O-O c5 9. Nc3 Be7 10. d5 exd5 11. Nxd5 O-O 12. Nf4 Bxf3 13. Bxf3 Qb6 14.
Nd5 Nxd5 15. Qxd5 Rad8 16. Qxb7 Qxb7 17. Bxb7 Ne5 18. e4 Nd3 19. Bd5 Bf6 20. Rb1 Rb8 21. Be3 Rxb2 22. Rxb2 Bxb2 23. Rd1 Nb4 24. Bxc5 Rb8 25.
Bb3 a5 26. Rd7 Rc8 27. Rxf7 Kh8 28. Ra7 Nc6 29. Rb7 h6 30. g3 Be5 31. Kg2 Nd4 32. Bxd4 Bxd4 33. f4 Bc3 34. e5 Be1 35. Bf7 Rc2+ 36. Kf3 Rc3+ 37. Ke4 Rxg3 38. f5 Bb4 39.
Bg6 Bf8 40. Rb8 Kg8 41. Kd5 Rg1 42. e6 Rd1+ 43. Kc4 Rc1+ 44. Kd3 Re1 45. h4 Re5 46. a4 h5 47. Kc4 Re4+ 48. Kb3 1-0

[Event "*** Titled Tuesday Blitz"]
[Site "Chess.com"]
[Date "2021.03.09"]
[Round "6"]
[White "manikoloz"]
[Black "Vandros57"]
[Result "0-1"]
[WhiteElo "2374"]
[BlackElo "2204"]
[TimeControl "180+1"]
[EndTime "11:11:26 PST"]
[Termination "Vandros57 won on time"]

1. Nf3 d5 2. e3 Nf6 3. c4 e6 4. Nc3 Be7 5. b3 O-O 6. Bb2 b6 7. cxd5 Nxd5 8. Nxd5 exd5 9. d4 Ba6 10. Bxa6 Nxa6 11.
O-O c5 12. Rc1 cxd4 13. Nxd4 Rc8 14. Qg4 Bf6 15. g3 Nc5 16. Rfd1 Kh8 17. h4 h6 18. Ba3 Re8 19. b4 Ne6 20. Nc6 Qd7 21.
b5 Nc5 22. Bxc5 Qxg4 23. Bd4 Bxd4 24. Rxd4 Qd7 25. Rcd1 Rxc6 26. bxc6 Qxc6 27. Rxd5 Kg8 28. Rd7 a5 29. R7d6 Qc5 30. R6d5 Qc4 31. R5d2 b5 32.
a3 b4 33. axb4 Qxb4 34. Rd4 Qe7 35. Ra1 Ra8 36. Rda4 Qc7 37. R1a2 Qb6 38. Ra1 Qb5 39. R1a2 f5 40. Ra1 Kf7 41. Kh2 g5 42. h5 Kf6 43.
Kg2 g4 44. Kg1 Kg5 45. Kg2 Kxh5 46. Rd4 Kg5 47. Rd6 a4 0-1

[Event "*** Titled Tuesday Blitz"]
[Site "Chess.com"]
[Date "2021.03.09"]
[Round "6"]
[White "Eliwood44"]
[Black "Korchmar_Vasiliy"]
[Result "0-1"]
[WhiteElo "2476"]
[BlackElo "2651"]
[TimeControl "180+1"]
[EndTime "11:11:27 PST"]
[Termination "Korchmar_Vasiliy won by resignation"]

1. d4 Nf6 2. Nf3 d5 3. Bf4 c5 4. e3 Nc6 5. Nbd2 e6 6. c3 Bd6 7. Bg3 O-O 8. Bd3 b6 9. e4 dxe4 10. Nxe4 Nxe4 11. Bxe4 Bb7 12. dxc5 Bxc5 13. Qa4 Rc8 14.
Rd1 Qe7 15. b4 f5 16. Bxc6 Bxc6 17. Qb3 Bd5 18. Qb2 Bd6 19. Bxd6 Qxd6 20. O-O Qc6 21. Rfe1 Bxf3 22. gxf3 Qxf3 23. Rd7 Rxc3 24. Re3 Qg4+ 25. Rg3 Rxg3+ 26. hxg3 h5 27. Qe5 Rf6 28. Rd8+ Kh7 29. Qb8 f4 30. Rh8+ Kg6 31. Qe8+ Kg5 32. Rg8 Rg6 33.
Qe7+ Kf5 34. Rf8+ Rf6 35. Rd8 fxg3 36. Rd2 gxf2+ 37. Kxf2 Kg6+ 38. Ke1 Qg1+ 39. Ke2 Qf1+ 40. Ke3 Qf3+ 41. Kd4 Qd5+ 42. Kc3 Rf3+ 43. Kc2 Qc4+ 44. Kb1 Qe4+ 45. Kb2 Qe5+ 46. Kb1 Qf5+ 47. Kb2 Qf6+ 48. Qxf6+ gxf6 49. Rf2 Rxf2+ 0-1

[Event "*** Titled Tuesday Blitz"]
[Site "Chess.com"]
[Date "2021.03.09"]
[Round "6"]
[White "ehrenfeld"]
[Black "Supernotar"]
[Result "0-1"]
[WhiteElo "2510"]
[BlackElo "2730"]
[TimeControl "180+1"]
[EndTime "11:11:27 PST"]
[Termination "Supernotar won on time"]

1. e4 c6 2. d4 d5 3. exd5 cxd5 4. Bd3 Nc6 5. c3 Qc7 6. Ne2 Bg4 7. O-O Bh5 8. Qb3 Bg6 9. Bf4 Qd7 10. Qd1 e6 11.
Bg3 Bd6 12. Bxd6 Qxd6 13. Na3 a6 14. Nc2 Nf6 15. Ne3 O-O 16. Ng3 b5 17. a3 Rab8 18.
f4 Bxd3 19. Qxd3 g6 20. f5 exf5 21. Ngxf5 Qe6 22. Nh6+ Kg7 23. Rae1 Ne4 24. Nhg4 f5 25. Nf2 Rbe8 26. Nxe4 dxe4 27. Qc2 Ne7 28. g3 g5 29. b3 f4 30. Ng2 f3 31. Rxe4 Qg6 32. Ne3 h5 33. g4 hxg4 34. Rxg4 Nf5 35. Nxf5+ Rxf5 36. Rg3 Re2 37. Qd3 Qh5 38. h3 Kf6 39. Rfxf3 Re1+ 40. Kf2 Rxf3+ 41. Rxf3+ Kg7 42. Kxe1 g4 43. Rg3 Qh4 44. Qe3 Kh8 45. Kd2 gxh3 0-1

[Event "*** Titled Tuesday Blitz"]
[Site "Chess.com"]
[Date "2021.03.09"]
[Round "6"]
[White "Gulkov_Igor"]
[Black "SHIVACalypso"]
[Result "1-0"]
[WhiteElo "2531"]
[BlackElo "2365"]
[TimeControl "180+1"]
[EndTime "11:11:30 PST"]
[Termination "Gulkov_Igor won on time"]

1. Nf3 Nf6 2. c4 e6 3. Nc3 d5 4.
d4 Bb4 5. Bg5 h6 6. Bxf6 Qxf6 7.
e3 O-O 8. Be2 Nd7 9. O-O dxc4 10. Bxc4 Bxc3 11. bxc3 e5 12. Qc2 c6 13. a4 exd4 14.
cxd4 Nb6 15. Ne5 Be6 16. Bxe6 Qxe6 17. Rfb1 Rab8 18. a5 Nd5 19. a6 bxa6 20. Qxc6 Qxc6 21. Nxc6 Rxb1+ 22. Rxb1 Rc8 23. Na5 Rc2 24. Nb3 Nb4 25. Nc5 a5 26. Ra1 Nc6 27. g3 g5 28. Nb3 Nb4 29.
Rxa5 Nd3 30. Rf5 Kg7 31. Nc5 Nxc5 32. dxc5 a5 33. c6 Rxc6 34. Rxa5 Re6 35. g4 Kg6 36. h3 f6 37. Kg2 h5 38. gxh5+ Kxh5 39. Kg3 Kg6 40.
h4 Rb6 41. hxg5 fxg5 42. f3 Rb3 43. e4 Rc3 44. Kg4 Kf6 45. Rf5+ Ke6 46. Kxg5 Rc1 47. Kf4 Rg1 48. Rg5 Rh1 49. Rg6+ Kf7 50. Ra6 Rb1 51.
Kf5 Rb2 52. f4 Rb4 53. e5 Kf8 54. Ra7 Rb6 55. e6 1-0

[Event "*** Titled Tuesday Blitz"]
[Site "Chess.com"]
[Date "2021.03.09"]
[Round "6"]
[White "olksuna"]
[Black "Atco84"]
[Result "1-0"]
[WhiteElo "2664"]
[BlackElo "2436"]
[TimeControl "180+1"]
[EndTime "11:11:31 PST"]
[Termination "olksuna won by resignation"]

1. e4 c5 2. Nf3 d6 3. d4 cxd4 4.
Nxd4 Nf6 5. Nc3 a6 6. Be2 e6 7.
O-O Be7 8. f4 O-O 9. Kh1 Qc7 10.
Be3 Re8 11. Qe1 Nbd7 12. Qg3 b5 13. a3 Bb7 14. Bd3 Rac8 15. Rae1 Bf8 16. Nf3 e5 17. fxe5 dxe5 18. Nh4 g6 19. Nf5 Nh5 20. Qh4 Nf4 21.
Nh6+ Bxh6 22. Qxh6 Nf6 23. Bxf4 exf4 24. Rxf4 Nh5 25.
Rf2 Qe5 26. Ref1 Rc7 27. Qe3 Rce7 28. Qb6 Ng7 29. Qf6 Qxf6 30. Rxf6 Ne6 31. Nd5 Bxd5 32.
exd5 Nc5 33. d6 Rd7 34. h3 Kg7 35. Kh2 Re6 36. Rxe6 Nxe6 37. a4 bxa4 38. Bxa6 Rxd6 39. Bb5 Rd2 40. Bxa4 g5 41. Rc1 Nf4 42. Bc6 h5 43. b4 Kf6 44. b5 Ke5 45. b6 Kd6 46. b7 Kc7 47. Rb1 Kb8 48. Be4 f5 49. Bxf5 Rxg2+ 50.
Kh1 Rd2 51. Be4 Rd4 52. Bf3 Nxh3 53. Ra1 Rb4 54. Ra8+ Kc7 55. Rc8+ Kd7 56. b8=Q 1-0

[Event "*** Titled Tuesday Blitz"]
[Site "Chess.com"]
[Date "2021.03.09"]
[Round "6"]
[White "MasterMK73"]
[Black "esrosenberg"]
[Result "1-0"]
[WhiteElo "2302"]
[BlackElo "2129"]
[TimeControl "180+1"]
[EndTime "11:11:31 PST"]
[Termination "MasterMK73 won by checkmate"]

1. d4 Nf6 2. Nf3 e6 3. e3 b6 4. b3 Bb7 5. Bb2 Be7 6. Bd3 O-O 7. Nbd2 d6 8. O-O Nbd7 9. c4 Re8 10. Re1 Bf8 11. e4 e5 12. Qc2 Nh5 13. dxe5 Nxe5 14.
Nxe5 dxe5 15. Nf3 Nf4 16. Bf1 Bd6 17. Rad1 Qf6 18. g3 Ne6 19. Bg2 Rad8 20. a3 h6 21. b4 Ng5 22. Nxg5 hxg5 23. Qe2 c6 24. Rd2 Bc7 25. Red1 Rxd2 26. Rxd2 Bc8 27. h3 Rd8 28. Kh2 Rxd2 29. Qxd2 g6 30. Bc1 g4 31. h4 Qd6 32.
Qe3 Qd4 33. Bd2 Qxe3 34. Bxe3 Be6 35. Bf1 Kf8 36. Bd3 Ke7 37. Kg1 Kf6 38. Kf1 Ke7 39. Ke2 f5 40. exf5 gxf5 41. f3 f4 42.
gxf4 exf4 43. Bd4 g3 44. h5 Kf7 45. h6 Bf5 46. Bxf5 Kg8 47. h7+ Kf8 48. h8=Q+ Ke7 49.
Qg7+ Kd6 50. Be5# 1-0

[Event "*** Titled Tuesday Blitz"]
[Site "Chess.com"]
[Date "2021.03.09"]
[Round "6"]
[White "m_ezat"]
[Black "DFeco"]
[Result "1-0"]
[WhiteElo "2542"]
[BlackElo "2294"]
[TimeControl "180+1"]
[EndTime "11:11:32 PST"]
[Termination "m_ezat won on time"]

1. d4 d5 2. Nf3 Nf6 3. e3 c5 4.
Bd3 Nc6 5. O-O Bg4 6. c3 e6 7.
Nbd2 Bd6 8. h3 Bh5 9. Qc2 c4 10. Be2 O-O 11. Qd1 b5 12. e4 dxe4 13. Ng5 Bg6 14. f3 e3 15. Nde4 Bf4 16. h4 Nxe4 17. fxe4 Bxg5 18. hxg5 Qxg5 19. Bf3 Rad8 20. Qe2 e5 21.
Bxe3 Qe7 22. d5 Nb8 23. a4 a6 24. axb5 axb5 25. Ra5 f5 26. exf5 Bxf5 27. Rxb5 e4 28. Bc5 Qd7 29. Rxb8 Rxb8 30. Bxf8 exf3 31. Qxf3 Rxf8 32.
g4 g6 33. gxf5 Rxf5 34. Qe4 Rg5+ 35. Kh2 Rxd5 36. Qxc4 Qd6+ 37. Kg2 Kg7 38. Qf4 Rd2+ 39. Kg3 Rd3+ 40. Kg2 Rd2+ 41. Kg3 Qxf4+ 42. Kxf4 Rxb2 43. Rc1 Rb5 44. c4 Rc5 45. Ke4 Kf6 46. Kd4 Rc8 47. Kd5 Ke7 48. c5 Kd7 49. c6+ Kc7 50. Rf1 Rd8+ 51.
Kc5 1-0

[Event "*** Titled Tuesday Blitz"]
[Site "Chess.com"]
[Date "2021.03.09"]
[Round "6"]
[White "Mikhail_Golubev"]
[Black "Blitzking642"]
[Result "0-1"]
[WhiteElo "2565"]
[BlackElo "2424"]
[TimeControl "180+1"]
[EndTime "11:11:32 PST"]
[Termination "Blitzking642 won on time"]

1. e4 c5 2. Nf3 Nc6 3. Nc3 g6 4. d4 cxd4 5. Nxd4 Bg7 6. Be3 Nf6 7.
Bc4 O-O 8. Bb3 Re8 9. f3 e6 10.
f4 d6 11. Qf3 Na5 12. O-O b6 13. e5 Bb7 14. Qh3 Nxb3 15. Nxb3 Nd5 16. Nxd5 Bxd5 17. Rad1 Rc8 18. Nd4 Qe7 19. exd6 Qxd6 20. c3 Qd7 21. a3 Qb7 22. Rf2 a6 23. Qg3 b5 24. h4 h5 25. Nf3 a5 26. Ne5 b4 27.
axb4 axb4 28. Bd4 bxc3 29. Bxc3 Be4 30. Kh2 Red8 31. Rfd2 Rd5 32. Rxd5 Bxd5 33. Rd2 Be4 34. Rd7 Rc7 35. Rd8+ Kh7 36. Re8 Re7 37. Rd8 f6 38. Nd3 Rd7 39. Rxd7 Qxd7 40. Nc5 Qd5 41. Nxe4 Qxe4 42.
Qf3 Qc2 43. b4 Qb3 44. Qc6 e5 45. fxe5 fxe5 46. b5 Bh6 47. b6 Bf4+ 48. g3 Qc2+ 49. Kh3 Qd1 0-1